 Dungeon Crawl Stone Soup version 0.26-a0-466-g989023bd0d (webtiles) character file.

Game seed: 13965534355606676275

2291 Mesmaeker13 the Caller (level 9, -4/62 HPs)
             Began as a Black Draconian Summoner on Aug 13, 2020.
             Slain by Harold
             ... wielding a +0 halberd of flaming
              (13 damage)
             ... on level 7 of the Dungeon.
             The game lasted 00:20:08 (11160 turns).

Mesmaeker13 the Caller (Black Draconian Summoner)  Turns: 11160, Time: 00:20:09

Health: -4/62      AC:  9    Str: 10    XL:     9   Next: 17%
Magic:  3/15       EV: 14    Int: 18    God:
Gold:   542        SH:  7    Dex: 13    Spells: 2/16 levels left

rFire    . . .     SeeInvis .   g - +2 dagger (venom)
rCold    . . .     Faith    .   w - +2 buckler
rNeg     . . .     Spirit   .   (armour unavailable)
rPois    .         Reflect  .   (helmet restricted)
rElec    +         Harm     .   j - +0 cloak
rCorr    .                      (no gloves)
MR       .....                  v - +0 pair of boots
Stlth    ++........             (no amulet)
HPRegen  0.20/turn              (no ring)
MPRegen  0.14/turn              (no ring)

@: brilliant, marked
A: breathe lightning, unfitting armour, electricity resistance, cold-blooded, AC
+7
a: Breathe Lightning


You were on level 7 of the Dungeon.
You visited 1 branch of the dungeon, and saw 8 of its levels.

You collected 542 gold pieces.

Inventory:

Hand Weapons
 g - a +2 dagger of venom (weapon)
 k - a +0 trident
 y - a +0 short sword of electrocution
 C - a cursed -2 broad axe
Armour
 j - a +0 cloak (worn)
 v - a +0 pair of boots (worn)
 w - a +2 buckler (worn)
Wands
 x - a wand of flame (8)
Scrolls
 a - a scroll of immolation {unknown}
 b - a scroll of remove curse
 e - a scroll of enchant weapon {unknown}
 f - 2 scrolls of fear
 h - a scroll of identify
 l - 2 scrolls of teleportation
 p - a scroll of fog
 q - a scroll of random uselessness {unknown}
 s - a scroll of noise {unknown}
 u - a scroll of blinking {unknown}
Potions
 c - 3 potions of ambrosia {unknown}
 d - a potion of flight {unknown}
 i - 2 potions of might
 m - 2 potions of brilliance
 o - a potion of resistance
 t - a potion of magic {unknown}
 z - a potion of lignification {unknown}
 A - a potion of mutation {unknown}
 B - a potion of heal wounds {unknown}


   Skills:
 + Level 4.7 Dodging
 - Level 1.7 Stealth
 - Level 4.2 Shields
 - Level 4.2 Spellcasting
 + Level 7.6 Summonings
 + Level 5.4 Ice Magic
 + Level 4.4 Air Magic


You had 2 spell levels left.
You knew the following spells:

 Your Spells              Type           Power        Failure   Level
a - Summon Small Mammal   Summ           ####         1%          1
b - Call Imp              Summ           #####...     1%          2
c - Call Canine Familiar  Summ           #####...     1%          3
d - Summon Ice Beast      Ice/Summ       #####...     10%         4
e - Summon Lightning Spi  Summ/Air       #####...     12%         4

Your spell library contained the following spells:

 Spells                   Type           Power        Failure   Level
 Ensorcelled Hibernation  Hex/Ice        ###...       7%          2
 Corona                   Hex            #......      14%         1
 Summon Guardian Golem    Hex/Summ       ####....     9%          3
 Confusing Touch          Hex            #.......     41%         3
 Dazzling Flash           Conj/Hex       #.....       41%         3
 Tukima's Dance           Hex            #.......     41%         3


Dungeon Overview and Level Annotations

Branches:
Dungeon (8/15)
 Temple: D:4-7         Lair: D:8-11

Altars:
Dithmenos
Elyvilon
Fedhas
Kikubaaqudgha
Nemelex Xobeh
Okawaru
Sif Muna
Uskayaw
Vehumet
Zin
The Shining One

Annotations:
D:2 Sigmund
D:4 Prince Ribbit
D:5 1 runed translucent door, 2 transporters
D:7 Harold


Innate Abilities, Weirdness & Mutations

You can breathe wild blasts of lightning.
Your glossy black scales are hard. (AC +7)
You cannot fit into any form of body armour.
You are resistant to electric shocks. (rElec)
You are cold-blooded and may be slowed by cold attacks.


Message History

The puff of flame hits Harold.
Harold is almost dead.
Unknown command.
Evoke which item? (* to show all) (? for menu, Esc to quit)
Aiming: Throw Flame
Press: ? - help, Shift-Dir - straight line, f/p - Harold
Aim: Harold, wielding a +0 halberd of flaming and wearing a +0 ring mail (almost dead)
The puff of flame hits Harold.
Harold is almost dead.
Unknown command.
Casting: Summon Ice Beast (dangerous; 10% risk of failure)
Confirm with . or Enter, or press ? or * to list all spells.
Okay, then.
Harold fires a harpoon shot at you. The harpoon shot hits you!
* * * LOW HITPOINT WARNING * * *
You are yanked forward by the harpoon shot.
Unknown command.
Harold hits you from afar with a +0 halberd of flaming!
You die...

.<5......#.##.##....#
...<#.##.#..)....#
....#.##...#.#####
....'......#.....#
....#.###......#.#
....#.. +......#.#
.....).
....#####......#.#
....... ....#
##...#.#.# .......
....# #...#.#@#
.......
#...#.#.#####.......
#...#.#.@...#§§.....
###.###.§.....
#.(.§.§.....
#####....... §......
.###.## .# .#


You could see Harold.

Vanquished Creatures
  Menkaure (D:5)
  A nameless horror (D:6)
  2 orc warriors (D:6)
  An ogre (D:5)
  3 centaurs (D:5)
  2 lemures
  A bullfrog (D:6)
  A scorpion (D:6)
  5 killer bees (D:8)
  2 hounds
  A jelly (D:6)
  Crazy Yiuf (D:5)
  4 orc wizards
  An orc priest (D:4)
  3 worker ants
  A hound skeleton (D:5)
  9 gnolls
  5 adders
  A white imp (D:6)
  An ooze (D:2)
  3 dart slugs
  2 leopard geckos
  11 orcs
  2 bats (D:3)
  5 giant cockroaches
  24 goblins
  20 hobgoblins
  3 jackals
  6 kobolds
  3 quokkas
  3 frilled lizards
  A jackal skeleton (D:4)
  5 rats
134 creatures vanquished.

Vanquished Creatures (collateral kills)
  Pikel (D:7)
  Eustachio (D:4)
  Duvessa (D:4)
  An ogre (D:5)
  A big kobold (D:4)
  A bullfrog (D:6)
  Dowan (D:4)
  A killer bee (D:8)
  A hound (D:4)
  An orc wizard (D:5)
  A centaur skeleton (D:5)
  A worker ant (D:4)
  5 gnolls (D:4)
  An adder (D:2)
  2 ufetubi
  An ooze (D:1)
  A worm (D:3)
  A dart slug (D:3)
  A leopard gecko (D:4)
  6 orcs
  2 giant cockroaches (D:3)
  10 goblins
  13 hobgoblins
  2 jackals (D:3)
  A quokka (D:5)
  A ball python (D:3)
  2 frilled lizards
  4 kobolds
  3 rats
68 creatures vanquished.

Grand Total: 202 creatures vanquished

Notes
Turn   | Place    | Note
-------+----------+-------------------------------------------
     0 | D:1      | Mesmaeker13 the Draconian Summoner began the quest for the
                  | Orb.
     0 | D:1      | Reached XP level 1. HP: 14/14 MP: 3/3
   523 | D:1      | Reached XP level 2. HP: 18/20 MP: 1/5
  1649 | D:2      | Learned a level 2 spell: Call Imp
  1673 | D:2      | Reached XP level 3. HP: 14/26 MP: 6/6
  2221 | D:2      | Noticed a +0 hand axe
  2237 | D:2      | Found a hide-covered altar of Uskayaw.
  2237 | D:2      | Noticed a +0 dagger
  2440 | D:2      | Found a white marble altar of Elyvilon.
  2760 | D:2      | Noticed Sigmund
  3371 | D:3      | Found a blossoming altar of Fedhas.
  3373 | D:3      | Found an ancient bone altar of Kikubaaqudgha.
  3472 | D:3      | Reached XP level 4. HP: 33/33 MP: 6/8
  4029 | D:3      | Learned a level 3 spell: Call Canine Familiar
  4087 | D:4      | Found a shimmering blue altar of Sif Muna.
  4460 | D:4      | Reached XP level 5. HP: 30/38 MP: 2/9
  4470 | D:4      | Noticed Eustachio
  4488 | D:4      | Killed Eustachio
  4488 | D:4      | Reached skill level 1 in Shields
  4488 | D:4      | Reached skill level 5 in Summonings
  4552 | D:4      | Found an iron altar of Okawaru.
  4897 | D:4      | Noticed Duvessa
  4902 | D:4      | Noticed Dowan
  5270 | D:5      | Entered Level 5 of the Dungeon
  5281 | D:5      | Found a runed translucent door.
  5282 | D:5      | Noticed Crazy Yiuf
  5301 | D:5      | Noticed Prince Ribbit
  5325 | D:5      | Learned a level 4 spell: Summon Ice Beast
  5353 | D:4      | Killed Duvessa
  5353 | D:4      | Reached skill level 1 in Ice Magic
  5353 | D:4      | Reached XP level 6. HP: 22/45 MP: 3/11
  5368 | D:4      | Killed Dowan
  5994 | D:4      | HP: 2/45 [gnoll/+0 flail (5)]
  6637 | D:4      | Your scales start taking on a glossy black colour.
  6637 | D:4      | Reached XP level 7. HP: 39/50 MP: 11/13
  6637 | D:4      | Gained mutation: You are resistant to electric shocks.
                  | (rElec) [Black Draconian growth]
  6766 | D:4      | Learned a level 4 spell: Summon Lightning Spire
  7014 | D:4      | Noticed a nameless horror
  7240 | D:5      | Found a radiant altar of Vehumet.
  7437 | D:5      | Found a transporter.
  7440 | D:5      | Noticed a fire bat
  7503 | D:5      | Reached skill level 6 in Summonings
  7820 | D:5      | Noticed Menkaure
  7843 | D:5      | Killed Menkaure
  7843 | D:5      | Reached XP level 8. HP: 21/57 MP: 8/14
  8035 | D:5      | Found a glowing silver altar of Zin.
  8036 | D:5      | Found a runed translucent door.
  8036 | D:5      | Noticed an angel
  8213 | D:5      | Found a transporter.
  8479 | D:5      | Killed Crazy Yiuf
  8580 | D:5      | Reached skill level 1 in Air Magic
  8925 | D:6      | Reached skill level 7 in Summonings
  9264 | D:6      | Noticed a nameless horror
  9274 | D:6      | Killed a nameless horror
  9369 | D:6      | Found a sparkling altar of Nemelex Xobeh.
  9807 | D:6      | You fall into a shaft and drop 2 floors!
  9898 | D:8      | Reached skill level 5 in Ice Magic
 10155 | D:7      | Noticed Pikel
 10194 | D:8      | Found a shadowy altar of Dithmenos.
 10542 | D:6      | Found a glowing golden altar of the Shining One.
 10550 | D:6      | Reached XP level 9. HP: 56/62 MP: 15/15
 11048 | D:7      | Killed Pikel
 11128 | D:7      | Noticed Harold
 11160 | D:7      | Slain by Harold

Illustrated notes

Levels and vault maps discovered:
D:1:      minmay_arrival_five_plusses, layout_loops_corners
D:2:      layout_basic, lemuel_round_altar, dancing_weapons_uskayaw,
          uniq_sigmund
D:3:      layout_basic, grunt_temple_overflow_growth_and_decay
D:4:      minmay_goblin_kobold_castle, layout_basic, marbit_many_paths,
          lemuel_round_altar, uniq_duvessa, uniq_eustachio
D:5:      gammafunk_cloud_chamber, layout_loops_ring, vehumet_crystals,
          st_stairs_8, lemuel_angel_altar, uniq_prince_ribbit1, uniq_menkaure,
          uniq_crazy_yiuf_cottage
D:6:      layout_loops_ring, tso_altar, nicolae_overflow_crystal_walls,
          st_stairs_13, chequers_serial_rivers_micro_b
D:7:      layout_basic, temple_hall, uniq_pikel, uniq_harold
D:8:      layout_gridville, slow_altar_1, grunt_dithmenos_smoke

Skill      XL: |  1  2  3  4  5  6  7  8  9 |
---------------+----------------------------+-----
Dodging        | 2 3 4 |  4.7
Spellcasting   | 3 4 |  4.2
Shields        | 1 2 4 |  4.2
Summonings     | 5 6 7 |  7.6
Ice Magic      | 1 3 5 |  5.4
Air Magic      | 3 4 |  4.4
Stealth        | |  1.7

Action                   |  1- 3 |  4- 6 |  7- 9 || total
-------------------------+-------+-------+-------++-------
Melee: Dagger            |    71 |   141 |   169 ||   381
       Tailslap          |     7 |    13 |    18 ||    38
       Hand axe          |    63 |       |       ||    63
       Short sword       |       |    54 |    78 ||   132
 Cast: Summon Small Mamm |    16 |       |       ||    16
       Call Imp          |    11 |    51 |    33 ||    95
       Call Canine Famil |       |     1 |       ||     1
       Summon Ice Beast  |       |       |     6 ||     6
       Summon Lightning  |       |       |     4 ||     4
 Abil: Breathe Lightning |       |       |     6 ||     6
Evoke: Wand              |       |     3 |     4 ||     7
  Use: Scroll            |       |     3 |     6 ||     9
       Potion            |       |     3 |     5 ||     8
 Stab: Sleeping          |     4 |     1 |     1 ||     6
       Distracted        |       |     2 |     1 ||     3
       Invisible         |       |       |     1 ||     1
Armor: Skin              |    51 |    58 |    74 ||   183
Dodge: Dodged            |    91 |   108 |   180 ||   379
Block: Buckler           |       |    34 |    89 ||   123

Table legend: (Time is in decaauts)
 A = Elapsed time spent in this place.
 B = Non-inter-level travel time spent in this place.
 C = Inter-level travel time spent in this place.
 D = Time resting spent in this place.
 E = Time spent auto-exploring this place.
 F = Levels seen in this place.
 G = Mean time per level.
                   A        B        C        D        E       F      G
               +--------+--------+--------+--------+--------+-----+--------+
         Total |  11176 |  10947 |    229 |   3748 |   4945 |   8 | 1397.0 |
       Dungeon |  11176 |  10947 |    229 |   3748 |   4945 |   8 | 1397.0 |
               +--------+--------+--------+--------+--------+-----+--------+

Top non-repeatable levels by time:
     D:4: 2701 daAuts
     D:1: 1654 daAuts
     D:5: 1651 daAuts
     D:3: 1582 daAuts
     D:6: 1539 daAuts
     D:2: 1140 daAuts
     D:8: 686 daAuts
     D:7: 219 daAuts
